 Dungeon Crawl Stone Soup version 0.30-a0-1008-g30c9307041 (webtiles) character file.

Game seed: 2855488606264630875

262 DeathPants the Chopper (level 6, -6/32 HPs)
             Began as a Vine Stalker Gladiator on Apr 5, 2023.
             Mangled by Crazy Yiuf
             ... wielding a +4 quarterstaff of chaos
              (9 damage)
             ... on level 2 of the Dungeon.
             The game lasted 00:03:42 (1155 turns).

DeathPants the Chopper (Vine Stalker Gladiator)     Turns: 1155, Time: 00:03:42

Health: -6/32      AC:  6    Str: 18    XL:     6   Next: 18%
Magic:  0/7        EV: 22    Int:  8    God:
Gold:   89         SH:  0    Dex: 16    Spells: 5/5 levels left

rFire   . . .      SeeInvis .    a - +0 war axe
rCold   . . .      Faith    .    (no shield)
rNeg    . . .      Spirit   +    g - +0 ring mail
rPois   .          Reflect  .    c - +0 helmet
rElec   .          Rampage  .    (no cloak)
rCorr   .                        (no gloves)
Will    .....                    (no boots)
Stlth   +                        m - amulet of regeneration
HPRegen 1.85/turn                i - +5 ring of evasion
MPRegen 0.10/turn                o - +5 ring of evasion

@: no status effects
A: fangs 2, regeneration 1, magic shield, antimagic bite, no potion heal 2
a: no special abilities


You were on level 2 of the Dungeon.
You visited 1 branch of the dungeon, and saw 3 of its levels.

You collected 89 gold pieces.

Inventory:

Hand Weapons
 a - a +0 war axe (weapon)
Missiles
 d - 2 throwing nets (quivered)
 e - a javelin
Armour
 b - a +0 leather armour
 c - a +0 helmet (worn)
 g - a +0 ring mail (worn)
Jewellery
 i - a +5 ring of evasion (left hand)
 m - an amulet of regeneration (around neck)
 o - a +5 ring of evasion (right hand)
Scrolls
 f - a scroll of enchant weapon {unknown}
 h - 2 scrolls of enchant armour {unknown}
 k - a scroll of teleportation {unknown}
 l - a scroll of fog {unknown}
Potions
 j - a potion of degeneration {unknown}
 n - a potion of heal wounds {unknown}


   Skills:
 + Level 2.9 Fighting
 * Level 4.4 Axes
 - Level 1.7 Throwing
 + Level 1.9 Armour
 + Level 3.2 Dodging


You had 5 spell levels left.
You didn't know any spells.
Your spell library contained the following spells:

 Spells                   Type           Power      Damage    Failure   Level
 Lesser Beckoning         Tloc           0%         N/A       75%         2
 Gell's Gravitas          Tloc           0%         N/A       92%         3
 Teleport Other           Tloc           0%         N/A       92%         3
 Vhi's Electric Charge    Tloc/Air       0%         N/A       92%         3
 Arcjolt                  Conj/Air       0%         1d10      100%        5
 Maxwell's Capacitive Co  Air            0%         ∞         100%        8


Dungeon Overview and Level Annotations

Branches:
Dungeon (3/15)

Altars:

Annotations:
D:2 Crazy Yiuf


Innate Abilities, Weirdness & Mutations

You have extremely sharp teeth.
Your natural rate of healing is unusually fast.
When hurt, damage is shared between your health and your magic reserves.
Your bite disrupts and absorbs the magic of your enemies.
Potions cannot restore your health.


Message History

o - a +5 ring of evasion (right hand)
You see here an adder corpse.
There is a stone staircase leading down here.
There is an escape hatch in the floor here.
Found an escape hatch in the ceiling.
There is an escape hatch in the floor here.
A hobgoblin comes into view.
The hobgoblin shouts!
You hear a bark!
The hobgoblin misses you.
You slash the hobgoblin!
You kill the hobgoblin!
You see here a hobgoblin corpse.
A jackal comes into view. x2
The jackal barks!
You slash the jackal!
You kill the jackal!
A jackal comes into view.
The jackal barks!
You slash the jackal!
You kill the jackal!
The jackal misses you.
You slash the jackal!
You kill the jackal!
You see here a jackal corpse.
Found a runed translucent door.
Crazy Yiuf shouts!
You open the door. You hit Crazy Yiuf. You bite Crazy Yiuf.
You drain his power.
Crazy Yiuf is moderately wounded.
Crazy Yiuf misses you.
You hit Crazy Yiuf.
Crazy Yiuf is moderately wounded.
Crazy Yiuf hits you with a +4 quarterstaff of chaos!
You are electrocuted!
* * * LOW HITPOINT WARNING * * *
Crazy Yiuf cries, "Prologue!"
Crazy Yiuf hits you with a +4 quarterstaff of chaos.
* * * LOW HITPOINT WARNING * * *
You are electrocuted!
You die...

#...###.#.#......###.###...
#.### #<#.#......# #..>..#+
#.# ###+#[.....# #####.#<
#.# ######## #... #.# ####
##†# #..##♣♣ ### #...#.♣♣
♣♣#..)# #......♣♣♣♣@g...#
##......♣..♣#...#
##.#..♣.♣♣♣ ### ###♣♣♣♣♣


You could see Crazy Yiuf.

Vanquished Creatures
  Sigmund (D:2)
  5 adders (D:2)
  2 worms (D:2)
  2 dart slugs
  6 ball pythons
  2 endoplasms (D:1)
  A giant cockroach (D:2)
  6 hobgoblins
  3 jackals (D:2)
  3 bats
  4 frilled lizards
  5 goblins
  4 kobolds
  3 rats
47 creatures vanquished.

Notes
Turn   | Place    | Note
-------+----------+-------------------------------------------
     0 | D:1      | DeathPants the Vine Stalker Gladiator began the quest for
                  | the Orb.
     0 | D:1      | Reached XP level 1. HP: 11/11 MP: 2/2
    62 | D:1      | Reached XP level 2. HP: 14/15 MP: 3/3
   154 | D:1      | Reached skill level 3 in Axes
   439 | D:1      | Reached XP level 3. HP: 18/18 MP: 4/4
   685 | D:2      | Reached skill level 1 in Armour
   768 | D:2      | Noticed Sigmund
   788 | D:2      | Killed Sigmund
   789 | D:2      | Reached skill level 4 in Axes
   789 | D:2      | Gained mutation: Your natural rate of healing is unusually
                  | fast. [Vine Stalker growth]
   789 | D:2      | Reached XP level 4. HP: 23/23 MP: 5/5
   789 | D:2      | Reached XP level 5. HP: 28/28 MP: 6/6
   795 | D:2      | Reached XP level 6. HP: 32/32 MP: 7/7
  1149 | D:2      | Found a runed translucent door.
  1150 | D:2      | Noticed Crazy Yiuf
  1155 | D:2      | Mangled by Crazy Yiuf

Illustrated notes

Levels and vault maps discovered:
D:1:      elethiomel_arrival_quiet, layout_rooms, hangedman_glass_teeth
D:2:      layout_basic, uniq_sigmund, uniq_crazy_yiuf_cottage
D:3:      layout_basic, serial_shops, shop

Skill      XL: |  1  2  3 |
---------------+----------+-----
Fighting       | 2 |  2.9
Axes           | 3 4 |  4.4
Armour         | 1 |  1.9
Dodging        | 3 |  3.2
Throwing       | |  1.7

Action                     |  1- 3 |  4- 6 || total
---------------------------+-------+-------++-------
  Melee: War axe           |    74 |    37 ||   111
         Bite              |    22 |    11 ||    33
         Punch             |     1 |       ||     1
  Throw: Throwing net      |     2 |       ||     2
 Armour: Leather armour    |     5 |       ||     5
         Ring mail         |    28 |    11 ||    39
  Dodge: Dodged            |    76 |    31 ||   107

Table legend: (Time is in decaauts)
 A = Elapsed time spent in this place.
 B = Non-inter-level travel time spent in this place.
 C = Inter-level travel time spent in this place.
 D = Time resting spent in this place.
 E = Time spent auto-exploring this place.
 F = Levels seen in this place.
 G = Mean time per level.
                   A        B        C        D        E       F      G
               +--------+--------+--------+--------+--------+-----+--------+
         Total |   1192 |   1179 |     13 |      0 |    702 |   3 |  397.3 |
       Dungeon |   1192 |   1179 |     13 |      0 |    702 |   3 |  397.3 |
               +--------+--------+--------+--------+--------+-----+--------+

Top non-repeatable levels by time:
     D:2: 589 daAuts
     D:1: 563 daAuts
     D:3: 39 daAuts
